cohdb
Replays
Latest Replays
All Replays
Popular Replays
Top Player Replays
Match Explorer
How It Works
Community
CoH3 Stats
Reddit
Sign in to upload your games and track your stats! →
Sign in with Steam
Match 46837483
Unlisted
Match 46837483
Overview
Messages
Build Orders
End
Panzergrenadier Squad
250 Light Carrier
Panzergrenadier Squad
Panzergrenadier Squad
Construct Light Support Kompanie
2.5-tonne Medical Truck
Assault Mechanized Group
Construct Mechanized Kompanie
8 Rad Armored Car
Panzerjäger Squad
Construct Panzerarmee Kommand
Panzer III L Medium Tank
Selects Armored Support Battlegroup
Selects Superior Fire Drills
Selects Flammpanzer III Medium Tank
Selects Command Panzer IV F Medium Tank
Selects Vehicle Awareness
Panzer III L Medium Tank
Selects Panzer Storm
Tungsten Core Ammunition
Selects Stuka Dive Bomb
Panzer III L Medium Tank
Selects Stuka Anti-tank Loiter
Stuka Anti-tank Loiter
Panzer III L Medium Tank
Panzergrenadier Squad
Panzer III L Medium Tank
Marder III Tank Destroyer
Marder III Tank Destroyer
Marder III Tank Destroyer
Panzerjäger Squad
E-zy
Ermac
Stormless
Grunka Lunka
0
0
Comments
sign in to comment!
No comments posted yet!